[Event "*** Titled Tuesday Blitz"]
[Site "Chess.com"]
[Date "2020.11.24"]
[Round "11"]
[White "boasovietica"]
[Black "MatyChess1"]
[Result "1-0"]
[WhiteElo "2434"]
[BlackElo "2561"]
[TimeControl "180+1"]
[EndTime "12:23:53 PST"]
[Termination "boasovietica won on time"]

1. e4 c5 2. Nf3 g6 3. Nc3 Bg7 4. d4 cxd4 5. Nxd4 Nc6 6. Nb3 Nf6 7. Be2 O-O 8. O-O a5 9. a4 d6 10.
Bg5 Nb4 11. Nd4 Bd7 12. Kh1 Bc6 13. Nxc6 bxc6 14. Re1 Rb8 15. Bc4 e6 16. Bb3 Qc7 17.
Qd2 Qa7 18. Qxd6 Qxf2 19. Rf1 Qb6 20. Bxf6 Bxf6 21. Rxf6 Rbd8 22. Qf4 Kg7 23. Rf1 Qb7 24. e5 c5 25. Qh4 Rd4 26. R6f4 Nc6 27. Rxd4 1-0

[Event "*** Titled Tuesday Blitz"]
[Site "Chess.com"]
[Date "2020.11.24"]
[Round "11"]
[White "anon219"]
[Black "Jungle_Jaguar"]
[Result "1-0"]
[WhiteElo "2766"]
[BlackElo "2611"]
[TimeControl "180+1"]
[EndTime "12:23:56 PST"]
[Termination "anon219 won on time"]

1. e4 e5 2. Bc4 Nf6 3. Nc3 Nc6 4. d3 Bc5 5. f4 h5 6. Nf3 Ng4 7. Qe2 Nd4 8. Nxd4 exd4 9. Nd1 O-O 10. O-O c6 11. h3 d5 12. Bb3 Nf6 13. e5 Qe7 14. Qf3 Ne8 15. Qxh5 g6 16. Qh6 Ng7 17. g4 a5 18. f5 gxf5 19. Bg5 f6 20. exf6 Qc7 21. Qxg7+ Qxg7 22. fxg7 Kxg7 23. Nf2 a4 24. Bxa4 Rxa4 25.
a3 Ra8 26. Kg2 Rf7 27. Rae1 Bd7 28. Bf4 Rg8 29. g5 Kg6 30. h4 Rh8 31. Kg3 Rfh7 32. Rh1 b5 33. b4 Be7 34. h5+ 1-0

[Event "*** Titled Tuesday Blitz"]
[Site "Chess.com"]
[Date "2020.11.24"]
[Round "11"]
[White "Oglob71"]
[Black "PIwan"]
[Result "1-0"]
[WhiteElo "2423"]
[BlackElo "2520"]
[TimeControl "180+1"]
[EndTime "12:23:58 PST"]
[Termination "Oglob71 won by resignation"]

1. d4 b6 2. e4 e6 3. Bd3 Bb7 4.
Nf3 c5 5. c3 cxd4 6. cxd4 Nc6 7. Nc3 a6 8. O-O Be7 9. Re1 d6 10. a3 Nf6 11. Bg5 O-O 12. Rc1 h6 13. Bf4 Nxd4 14. Nxd4 e5 15. Be3 exd4 16. Bxd4 Nd7 17. Bf1 Bf6 18. Be3 Nc5 19. f3 Bg5 20. b4 Ne6 21.
Qd2 Rc8 22. f4 Bh4 23. g3 Bf6 24. Bg2 b5 25. Red1 Qd7 26. Nd5 Bxd5 27. Qxd5 Rxc1 28. Rxc1 Rc8 29. e5 Rxc1+ 30. Bxc1 Qa7+ 31. Kf1 dxe5 32. fxe5 Qc7 33. Be3 Bxe5 34. Qa8+ Kh7 35. Qxa6 Qc4+ 36. Kf2 Qc2+ 37. Kg1 Qd1+ 38. Bf1 Bd4 39. Bxd4 Qxd4+ 40. Kg2 Qe4+ 41. Kg1 Qe3+ 42. Kg2 Ng5 43. Qxb5 Qf3+ 44. Kg1 Qe3+ 45. Kh1 Nf3 46. Qd3+ Qxd3 47. Bxd3+ Kg8 48. a4 Ne5 49. Be2 Kf8 50. a5 Ke7 51. b5 Kd8 52. b6 Nc6 53. a6 Kc8 54. Bf3 1-0

[Event "*** Titled Tuesday Blitz"]
[Site "Chess.com"]
[Date "2020.11.24"]
[Round "11"]
[White "Evgeny81"]
[Black "swimmerchess"]
[Result "0-1"]
[WhiteElo "2722"]
[BlackElo "2802"]
[TimeControl "180+1"]
[EndTime "12:23:59 PST"]
[Termination "swimmerchess won by checkmate"]

1. e4 c5 2. Nf3 Nc6 3. d4 cxd4 4. Nxd4 Nf6 5. Nc3 d6 6. Bg5 e6 7. Qd2 a6 8. O-O-O Bd7 9. f3 h6 10. Be3 b5 11. g4 Ne5 12. Bd3 Qc7 13. h4 Rc8 14.
Kb1 b4 15. Nce2 d5 16. g5 dxe4 17. fxe4 Nfg4 18. Bf4 Qb7 19. Rhf1 hxg5 20. Bxg5 Bc5 21.
Nb3 Qc7 22. Nxc5 Qxc5 23. Rg1 Nf3 24. Qf4 Nxg1 25. Rxg1 Ne5 26. Rc1 f6 27. Bxf6 gxf6 28. Qxf6 Rf8 29. Qh6 Bb5 30. Qxe6+ Kd8 31. Bxb5 axb5 32.
h5 Kc7 33. h6 Rce8 34. Qh3 Nc4 35. h7 Qe5 36. c3 Qxe4+ 37. Ka1 Qxe2 38. cxb4 Qxb2# 0-1

[Event "*** Titled Tuesday Blitz"]
[Site "Chess.com"]
[Date "2020.11.24"]
[Round "11"]
[White "Tenamu"]
[Black "picturesquecheck"]
[Result "1-0"]
[WhiteElo "2320"]
[BlackElo "2129"]
[TimeControl "180+1"]
[EndTime "12:23:59 PST"]
[Termination "Tenamu won by resignation"]

1. d4 Nf6 2. Nc3 d5 3. Bf4 e6 4. e3 Bd6 5. Nf3 O-O 6. Be2 c5 7. O-O a6 8. a3 Nc6 9. Bg3 cxd4 10. exd4 Bxg3 11. hxg3 Ne4 12. Bd3 f5 13. Ne2 Qf6 14.
c3 Bd7 15. Re1 Rae8 16. Qc2 b5 17. a4 Rc8 18. axb5 Nb4 19. Qd1 Nxd3 20. Qxd3 Bxb5 21. Qd1 Bxe2 22. Qxe2 Rb8 23. Rxa6 Rb7 24. c4 Rfb8 25. cxd5 Rxb2 26. Qc4 Rxf2 27. Rxe6 Qf7 28. Rc1 h6 29. Rf1 Rxf1+ 30. Qxf1 Nxg3 31. Qd1 Ne4 32. Ne5 Qc7 33. Rc6 Qd8 34. d6 Nf6 35. Qd3 g6 36.
Qc4+ Kh7 37. Qf7+ 1-0

[Event "*** Titled Tuesday Blitz"]
[Site "Chess.com"]
[Date "2020.11.24"]
[Round "11"]
[White "BillCoe"]
[Black "PawnEatingZombie"]
[Result "1-0"]
[WhiteElo "2093"]
[BlackElo "2235"]
[TimeControl "180+1"]
[EndTime "12:23:59 PST"]
[Termination "BillCoe won by checkmate"]

1. e4 c6 2. d4 d5 3. exd5 cxd5 4.
Bd3 Nc6 5. c3 Qc7 6. h3 Nf6 7.
Nf3 g6 8. O-O Bf5 9. Be2 Bg7 10.
Be3 O-O 11. Qc1 Rfe8 12. Bf4 Qd7 13. Bb5 Ne4 14. Ne5 Qc8 15. Nxc6 bxc6 16. Bd3 f6 17.
Qe3 e5 18. Bh6 Bxh6 19. Qxh6 Nd6 20. Bxf5 Qxf5 21. Qd2 Nc4 22. Qc1 e4 23. b3 Nd6 24.
c4 Qe6 25. Nd2 f5 26. cxd5 cxd5 27. Re1 f4 28. Nf3 Rac8 29. Qxf4 Nf5 30. Ng5 Qf6 31. Rac1 Qxd4 32. g4 Nh4 33. Qf7+ Kh8 34. Qxh7# 1-0

[Event "*** Titled Tuesday Blitz"]
[Site "Chess.com"]
[Date "2020.11.24"]
[Round "11"]
[White "Grandelicious"]
[Black "DrVelja"]
[Result "1-0"]
[WhiteElo "2852"]
[BlackElo "2775"]
[TimeControl "180+1"]
[EndTime "12:24:04 PST"]
[Termination "Grandelicious won by resignation"]

1. Nf3 Nf6 2. g3 g6 3. b3 Bg7 4.
Bb2 O-O 5. Bg2 d6 6. d4 b5 7.
Nfd2 c6 8. c4 bxc4 9. Nxc4 Bb7 10. O-O Nbd7 11. Nc3 Qc7 12. Rc1 c5 13. d5 Ba6 14.
Re1 Ng4 15. h3 Nge5 16. Nd2 f5 17. f4 Nf7 18. e4 fxe4 19. Ndxe4 Bd4+ 20. Kh2 Nf6 21. Nb5 Bxb5 22. Bxd4 Nxe4 23. Rxe4 Rae8 24. Ba1 Nh6 25.
Qd2 Nf5 26. Re6 Qd8 27. Rce1 Bd7 28. R6e4 Rf7 29. Qc3 Ng7 30. R1e2 Ref8 31. Qe1 Re8 32. a4 a6 33. g4 h5 34. Qg3 Kh7 35. R4e3 Qc8 36. Be4 hxg4 37. Qh4+ Kg8 38. Bxg6 Nf5 1-0

[Event "*** Titled Tuesday Blitz"]
[Site "Chess.com"]
[Date "2020.11.24"]
[Round "11"]
[White "Slovak_fighter2000"]
[Black "Bulldog167"]
[Result "0-1"]
[WhiteElo "2465"]
[BlackElo "2616"]
[TimeControl "180+1"]
[EndTime "12:24:05 PST"]
[Termination "Bulldog167 won by resignation"]

1. d4 d5 2. Nf3 f5 3. c4 e6 4. cxd5 exd5 5. Nc3 Nf6 6. Bg5 c6 7.
e3 Bd6 8. Bd3 O-O 9. Qc2 Qd7 10.
Ne5 Qe6 11. f4 Ne4 12. Nxe4 fxe4 13. Be2 Bb4+ 14. Kd1 Nd7 15. a3 Nxe5 16. fxe5 Be7 17. Bf4 b6 18. Bg3 c5 19. Rc1 c4 20. Kd2 Bd7 21.
Rcf1 b5 22. Rxf8+ Bxf8 23. Rf1 a5 24. h3 Qg6 25. Bf4 b4 26. g4 bxa3 27. bxa3 Bxa3 28. Bxc4 dxc4 29. Qxc4+ Be6 30. d5 Rd8 31. Ke2 Bxd5 32. Qb5 Qc6 0-1

[Event "*** Titled Tuesday Blitz"]
[Site "Chess.com"]
[Date "2020.11.24"]
[Round "11"]
[White "Oleksandr_Bortnyk"]
[Black "klimkoj"]
[Result "0-1"]
[WhiteElo "2871"]
[BlackElo "2635"]
[TimeControl "180+1"]
[EndTime "12:24:07 PST"]
[Termination "klimkoj won on time"]

1. d4 Nf6 2. Nc3 d5 3. Bf4 a6 4.
e3 e6 5. Nf3 Bb4 6. a3 Bxc3+ 7.
bxc3 c5 8. dxc5 Qa5 9. Be5 Nc6 10.
Bd4 O-O 11. Bd3 Nd7 12. Bxh7+ Kxh7 13. Ng5+ Kg6 14. Qd3+ f5 15. Nxe6 Rf6 16. Nf4+ Kf7 17. Nxd5 Nde5 18. Bxe5 Nxe5 19. Qd4 Nc6 20. Qd3 Ne5 21. Qd4 Nc6 22. Qh4 Rh6 23. Qf4 Be6 24. O-O Rah8 25. h3 Rh4 26. Qd6 Rd8 0-1

[Event "*** Titled Tuesday Blitz"]
[Site "Chess.com"]
[Date "2020.11.24"]
[Round "11"]
[White "canary2016"]
[Black "Stormeman100100"]
[Result "0-1"]
[WhiteElo "2000"]
[BlackElo "2520"]
[TimeControl "180+1"]
[EndTime "12:24:09 PST"]
[Termination "Stormeman100100 won on time"]

1. Nf3 d5 2. c4 c6 3. d4 Nf6 4. g3 e6 5. Bg2 dxc4 6. O-O b5 7. a4 Bb7 8. Ne5 Qc8 9. Qc2 a6 10. Bf4 Nbd7 11. Nc3 Be7 12. Rfd1 O-O 13. Ne4 c5 14.
Nxd7 Nxd7 15. dxc5 Nxc5 16. Nxc5 Bxc5 17. Bxb7 Qxb7 18. Rd2 Rfd8 19. Rad1 Qb6 20. e3 Be7 21. Rd7 Rxd7 22. Rxd7 Bf6 23. Bc7 Qc6 24. Qd1 h6 25. axb5 axb5 26. Bd8 Bxb2 27. Rc7 Qd5 28. Rd7 Qxd1+ 29.
Rxd1 c3 30. Bb6 c2 31. Rd7 c1=Q+ 32. Kg2 Qc6+ 33. f3 Qxd7 34. Kf2 Qc6 0-1

[Event "*** Titled Tuesday Blitz"]
[Site "Chess.com"]
[Date "2020.11.24"]
[Round "11"]
[White "IceBelka"]
[Black "zala02"]
[Result "1-0"]
[WhiteElo "2328"]
[BlackElo "2159"]
[TimeControl "180+1"]
[EndTime "12:24:10 PST"]
[Termination "IceBelka won by resignation"]

1. e4 c5 2. Nf3 Nc6 3. d4 cxd4 4.
Nxd4 Nf6 5. Nc3 e5 6. Ndb5 d6 7. Bg5 a6 8. Na3 b5 9. Nd5 Be7 10. Bxf6 Bxf6 11. c4 b4 12. Nc2 O-O 13. g3 a5 14. Bg2 Bg5 15. O-O Be6 16. f4 exf4 17.
gxf4 Bh6 18. Nce3 Ne7 19. Qd4 Rc8 20. Rad1 f5 21. b3 fxe4 22. Bxe4 Nf5 23. Nxf5 Bxf5 24. Bxf5 Rxf5 25. Ne3 Rf6 26. Kh1 Rg6 27. Nf5 Rc5 28. Qxc5 Qe8 29. Qd5+ Kh8 30. Nxh6 Rxh6 31. Rde1 1-0

[Event "*** Titled Tuesday Blitz"]
[Site "Chess.com"]
[Date "2020.11.24"]
[Round "11"]
[White "AlexeiShirov"]
[Black "RobertoJBM"]
[Result "1-0"]
[WhiteElo "2846"]
[BlackElo "2697"]
[TimeControl "180+1"]
[EndTime "12:24:13 PST"]
[Termination "AlexeiShirov won on time"]

1. e4 c6 2. d4 d5 3. e5 Bf5 4.
Nf3 e6 5. Be2 Nd7 6. O-O h6 7.
b3 Ne7 8. c4 Bh7 9. Nc3 Rc8 10.
Ba3 a6 11. Qd2 Ng6 12. Bxf8 Ngxf8 13. Rfc1 Ng6 14. cxd5 cxd5 15. Na4 O-O 16. b4 Qe7 17. Rxc8 Rxc8 18. Nc5 Nb8 19. Rc1 Nf8 20. a4 Rc7 21. b5 axb5 22. axb5 b6 23. Na6 Rxc1+ 24. Qxc1 Nbd7 25.
Qc3 f6 26. h3 Be4 27. exf6 gxf6 28. Nd2 Bg6 29. Nb4 Qd6 30. Nc6 e5 31. Bg4 e4 32.
Bxd7 Nxd7 33. Nf1 f5 34. Ne3 Kg7 35. Qa1 f4 36. Ng4 Bf5 37. Nge5 Kf6 38. Qa8 Nf8 39. Qe8 1-0

[Event "*** Titled Tuesday Blitz"]
[Site "Chess.com"]
[Date "2020.11.24"]
[Round "11"]
[White "DarZay"]
[Black "freshfoodcompany"]
[Result "0-1"]
[WhiteElo "2131"]
[BlackElo "2369"]
[TimeControl "180+1"]
[EndTime "12:24:15 PST"]
[Termination "freshfoodcompany won by resignation"]

1. e4 c6 2. d4 d5 3. Nc3 dxe4 4.
Nxe4 Nf6 5. Nxf6+ exf6 6. Nf3 Bd6 7. Bd3 O-O 8. c3 Re8+ 9. Be3 Nd7 10. Qc2 Nf8 11. O-O-O Be6 12. Kb1 b5 13. h4 Rc8 14.
Rdg1 a6 15. g4 Bd5 16. Rh3 c5 17. Bf5 cxd4 18. Nxd4 b4 19. Bxc8 Be4 20. Bf5 Bxc2+ 21. Bxc2 bxc3 22. bxc3 Qa5 23. Bd2 Qc5 24. g5 Rb8+ 25.
Nb3 Qxf2 26. Be3 Qe2 27. gxf6 g6 28. h5 a5 29. hxg6 fxg6 30. a4 Qc4 31. Bd4 Rxb3+ 32. Bxb3 Qxb3+ 33. Kc1 Ba3+ 34. Kd2 Qb2+ 35. Kd3 Kf7 36.
Re1 Qb7 37. Rhe3 Qa6+ 38. c4 g5 39. Kd2 Bb4+ 40. Bc3 Bxc3+ 41. Kxc3 Qxf6+ 42. Kb3 Qd6 43. Rf3+ Kg7 44. Ref1 Qb4+ 45. Kc2 Qxc4+ 46. Kd2 Qd4+ 47. Kc2 Ne6 48. Rf7+ Kg6 49. Re7 Qxa4+ 50. Kc3 Qb4+ 0-1

[Event "*** Titled Tuesday Blitz"]
[Site "Chess.com"]
[Date "2020.11.24"]
[Round "11"]
[White "Sharpchess22"]
[Black "DenisQ"]
[Result "1-0"]
[WhiteElo "2823"]
[BlackElo "2676"]
[TimeControl "180+1"]
[EndTime "12:24:16 PST"]
[Termination "Sharpchess22 won on time"]

1. e4 c6 2. d4 d5 3. e5 Bf5 4. Nf3 e6 5. Be2 Nd7 6. c3 Ne7 7. O-O h6 8. b4 a5 9. b5 c5 10.
Na3 c4 11. Nc2 Nb6 12. a4 Bh7 13. Ba3 Nf5 14. Bxf8 Rxf8 15. Qd2 Nh4 16. Nxh4 Qxh4 17. Ne3 Kd7 18. f4 Be4 19. g3 Qe7 20. f5 Qg5 21. f6 gxf6 22. Rxf6 Kc7 23. Raf1 Nd7 24.
Rxh6 Rg8 25. Rxf7 Raf8 26. Rxf8 Nxf8 27. Rf6 Kc8 28. Bg4 Kb8 29. Qf2 Nd7 30. Rf7 Nb6 31. Bxe6 Nxa4 32. Nxd5 Qc1+ 33. Qf1 Qd2 34. Rf2 Qd3 35.
Nf4 1-0

[Event "*** Titled Tuesday Blitz"]
[Site "Chess.com"]
[Date "2020.11.24"]
[Round "11"]
[White "GMKrikor"]
[Black "Shuvalov"]
[Result "1-0"]
[WhiteElo "2696"]
[BlackElo "2449"]
[TimeControl "180+1"]
[EndTime "12:24:16 PST"]
[Termination "GMKrikor won by resignation"]

1. e4 e6 2. d4 d5 3. Nc3 Bb4 4. e5 c5 5. a3 Bxc3+ 6. bxc3 Ne7 7. Qg4 cxd4 8. Bd3 Qa5 9. Ne2 O-O 10. O-O Nbc6 11.
cxd4 b6 12. Rd1 Qa4 13. Nc3 Qa5 14. Bd2 Ng6 15. h4 f5 16. exf6 e5 17. Qg3 exd4 18.
fxg7 Rf7 19. h5 dxc3 20. hxg6 Rxg7 21. Bh6 hxg6 22. Bxg7 Kxg7 23. Qxg6+ Kf8 24. Qf6+ Ke8 25. Qxc6+ Kd8 26. Qxa8 Kc7 27. Re1 Bd7 28. Re7 Qa4 29.
Bf5 1-0

[Event "*** Titled Tuesday Blitz"]
[Site "Chess.com"]
[Date "2020.11.24"]
[Round "11"]
[White "Sergienko_Sergey"]
[Black "InitiatingASC"]
[Result "1/2-1/2"]
[WhiteElo "2339"]
[BlackElo "2435"]
[TimeControl "180+1"]
[EndTime "12:24:17 PST"]
[Termination "Game drawn by repetition"]

1. e4 c5 2. Nf3 Nc6 3. Bb5 Nf6 4.
Nc3 g6 5. O-O Bg7 6. Re1 O-O 7. e5 Ne8 8. d3 Nc7 9. Bc4 d5 10. exd6 exd6 11. Bg5 Qd7 12. Nd5 Nxd5 13. Bxd5 Qf5 14. Be4 Qg4 15. h3 Qh5 16. Bxc6 bxc6 17. Be7 Re8 18. Bxd6 Rxe1+ 19. Nxe1 Qd5 20. Bg3 Bxb2 21.
Rb1 Qxa2 22. c4 Bf6 23. Nf3 a5 24. Be5 Bxe5 25. Nxe5 a4 26. Qc1 a3 27. Rb6 Qe2 28. Nxc6 a2 29. Qa1 Qxd3 30. Ne7+ Kf8 31. Nd5 Kg8 32. Ne7+ Kf8 33. Nd5 Kg8 34. Ne7+ 1/2-1/2

[Event "*** Titled Tuesday Blitz"]
[Site "Chess.com"]
[Date "2020.11.24"]
[Round "11"]
[White "AryanTari"]
[Black "TigrVShlyape"]
[Result "1-0"]
[WhiteElo "2922"]
[BlackElo "2843"]
[TimeControl "180+1"]
[EndTime "12:24:19 PST"]
[Termination "AryanTari won by resignation"]

1. e4 c5 2. Nf3 e6 3. d4 cxd4 4.
Nxd4 a6 5. c4 b6 6. Nc3 Bb7 7.
g3 Qc7 8. Bg2 Nc6 9. O-O Nf6 10.
Re1 Nxd4 11. Qxd4 Bc5 12. Qd1 h5 13. Bf4 e5 14. Bg5 Ng4 15. Re2 Bd4 16. h3 Nf6 17.
Nd5 Bxd5 18. exd5 O-O 19. Rc1 d6 20. Bxf6 gxf6 21. Re4 Rfe8 22. Qxh5 Kf8 23. Rce1 Qc5 24. Rf4 Ke7 25. Qf5 Rf8 26. h4 Kd8 27. Qxf6+ Ke8 28. Rxd4 Qxd4 29. Qxd6 f6 30. Be4 Kf7 31. Qd7+ 1-0

[Event "*** Titled Tuesday Blitz"]
[Site "Chess.com"]
[Date "2020.11.24"]
[Round "11"]
[White "kai_nov"]
[Black "PlotnikovPavel"]
[Result "1-0"]
[WhiteElo "2349"]
[BlackElo "2452"]
[TimeControl "180+1"]
[EndTime "12:24:19 PST"]
[Termination "kai_nov won by checkmate"]

1. d4 Nf6 2. c4 g6 3. f3 Bg7 4.
e4 O-O 5. Nc3 d6 6. Bg5 h6 7.
Be3 Nbd7 8. Nh3 c5 9. d5 Qa5 10. a4 a6 11. Nf2 Rb8 12. Be2 Nh5 13. O-O Nb6 14. g4 Nf6 15. Bd2 Nbd7 16. f4 Qc7 17. Kh1 Nh7 18. h4 f5 19. gxf5 gxf5 20. Rg1 Kh8 21. exf5 Nb6 22. a5 Na8 23. Bd3 Bxf5 24. Bxf5 Rxf5 25. Rxg7 Qd7 26. Qg4 Rbf8 27. Qg6 Nf6 28.
Qxh6+ Nh7 29. Qxh7# 1-0

[Event "*** Titled Tuesday Blitz"]
[Site "Chess.com"]
[Date "2020.11.24"]
[Round "11"]
[White "vladgoncharov"]
[Black "Fortitudine"]
[Result "1-0"]
[WhiteElo "2474"]
[BlackElo "2354"]
[TimeControl "180+1"]
[EndTime "12:24:22 PST"]
[Termination "vladgoncharov won by resignation"]

1. d4 Nf6 2. c4 c5 3. Nf3 cxd4 4.
Nxd4 e5 5. Nb5 d5 6. cxd5 Bc5 7. e3 e4 8. a3 O-O 9. b4 Bb6 10. N5c3 Nbd7 11. Bb2 Re8 12. Na4 Ne5 13. Nxb6 Qxb6 14. Nc3 Bg4 15. Qd2 Rad8 16. Bb5 Re7 17. h3 Bd7 18. Bxd7 Nd3+ 19. Kf1 Rexd7 20. g3 Nxb2 21. Qxb2 Nxd5 22. Nxd5 Rxd5 23. Kg2 Rd2 24. Qc3 Qe6 25. Rhf1 Qf5 26. Qc7 Qf3+ 27. Kg1 g5 28. Qxb7 h5 29. Qe7 R8d5 30. Rac1 Rd1 31. Rcxd1 Rxd1 32. Qxg5+ Kf8 33. Rxd1 Qxd1+ 34. Kh2 Qf3 35. Qf4 Qxf4 36. gxf4 h4 37. Kg2 f5 38. f3 Ke7 39. fxe4 fxe4 40. Kf2 Kd6 41. Ke2 Kd5 42. Kd2 Kc4 43. Kc2 a6 44. f5 Kd5 45. Kc3 Ke5 46. Kc4 Kxf5 47. Kd5 Kf6 48.
Kxe4 1-0

[Event "*** Titled Tuesday Blitz"]
[Site "Chess.com"]
[Date "2020.11.24"]
[Round "11"]
[White "rasmussvane"]
[Black "azikom"]
[Result "1-0"]
[WhiteElo "2871"]
[BlackElo "2615"]
[TimeControl "180+1"]
[EndTime "12:24:23 PST"]
[Termination "rasmussvane won by resignation"]

1. Nf3 d5 2. g3 Nf6 3. Bg2 e6 4. O-O Be7 5. c4 O-O 6. b3 b6 7. d4 Bb7 8. Nc3 Nbd7 9. Bb2 c5 10. Ne1 cxd4 11. Qxd4 Bc5 12. Qd2 Ne4 13. Nxe4 dxe4 14. Rd1 Nf6 15. Qc2 Qe7 16. Bxf6 Qxf6 17. Bxe4 Bxe4 18.
Qxe4 Rad8 19. Nd3 Bd4 20. Kg2 g6 21. Nb4 Bc5 22. Nd3 Bd4 23. Qf3 Qg5 24. Nb4 Bc5 25. Nc6 Rxd1 26. Rxd1 a5 27. Rd7 h5 28. h4 Qf5 29. e4 Qxf3+ 30. Kxf3 Rc8 31. Ne5 Rf8 32.
Ke2 Kg7 33. Nd3 Rc8 34. Nxc5 Rxc5 35. Rb7 Rc6 36. e5 a4 37. f4 axb3 38. axb3 Kf8 39. Kd3 Ke8 40. b4 Kd8 41. Rxf7 1-0

[Event "*** Titled Tuesday Blitz"]
[Site "Chess.com"]
[Date "2020.11.24"]
[Round "11"]
[White "Fy_Rakotomaharo"]
[Black "MokshanovAlexey"]
[Result "1-0"]
[WhiteElo "2698"]
[BlackElo "2609"]
[TimeControl "180+1"]
[EndTime "12:24:23 PST"]
[Termination "Fy_Rakotomaharo won by resignation"]

1. e4 e6 2. d4 d5 3. Nc3 Nf6 4. Bg5 Be7 5. e5 Nfd7 6. h4 Nc6 7. Be3 f6 8. exf6 Nxf6 9. h5 e5 10. dxe5 Nxe5 11. h6 g6 12. Qd4 Bd6 13. Nb5 O-O 14. Nxd6 Qxd6 15. O-O-O c6 16. Nf3 Nxf3 17. gxf3 Bf5 18.
Bf4 Qd8 19. Bg5 Rf7 20. Rg1 Qd6 21. Bf4 Qd8 22. Re1 Qa5 23. Bd3 Bxd3 24. Qxd3 Ng4 25. Bd2 Qxa2 26. c3 Ne5 27. Rxe5 Qa1+ 28. Qb1 Qxb1+ 29.
Kxb1 Rxf3 30. Re7 Rf7 31. Rge1 Raf8 32. Bg5 Rxe7 33. Rxe7 Rf7 34. Re8+ Rf8 35. Re2 Rf5 36. f4 Kf8 37. Kc2 b5 38. b4 a6 39. Kd3 1-0

[Event "*** Titled Tuesday Blitz"]
[Site "Chess.com"]
[Date "2020.11.24"]
[Round "11"]
[White "Marty435"]
[Black "profofchess"]
[Result "1-0"]
[WhiteElo "2522"]
[BlackElo "2388"]
[TimeControl "180+1"]
[EndTime "12:24:24 PST"]
[Termination "Marty435 won on time"]

1. b3 e5 2. Bb2 Nc6 3. Nf3 e4 4.
Nd4 Nxd4 5. Bxd4 d5 6. e3 Nf6 7. c4 c5 8. Bxf6 Qxf6 9. Nc3 d4 10. Nxe4 Qe5 11. Bd3 dxe3 12. fxe3 Bf5 13. Nf2 O-O-O 14. Bxf5+ Qxf5 15. O-O h5 16. d3 Qe5 17. Qf3 Bd6 18. g3 f5 19. Nh3 g6 20. Nf4 Qf6 21.
Nd5 Qf7 22. Rae1 h4 23. g4 Rdf8 24. Kh1 Qe6 25. gxf5 Rxf5 26. Qh3 Rxf1+ 27. Qxf1 Rf8 28. Qg2 h3 29. Qe2 Qf5 30. Kg1 Qg5+ 31. Kh1 Qh4 32.
Rf1 Rxf1+ 33. Qxf1 Qg4 34. Nf6 Qe6 35. Ne4 Be5 36.
Ng5 Qg4 37. Qxh3 Qxh3 38. Nxh3 Bc3 39. Kg2 1-0

[Event "*** Titled Tuesday Blitz"]
[Site "Chess.com"]
[Date "2020.11.24"]
[Round "11"]
[White "akanga001"]
[Black "Klavdia_Nik"]
[Result "0-1"]
[WhiteElo "1948"]
[BlackElo "2075"]
[TimeControl "180+1"]
[EndTime "12:24:24 PST"]
[Termination "Klavdia_Nik won on time"]

1. d4 Nf6 2. c4 c5 3. d5 b5 4. cxb5 a6 5. e3 axb5 6. Bxb5 Qa5+ 7. Nc3 Ba6 8. Bxa6 Nxa6 9. Nf3 d6 10. O-O g6 11. e4 Nd7 12. h3 Bg7 13. Bg5 h6 14. Bd2 O-O 15. Rb1 Rfb8 16. b3 Nb4 17. a4 Qa6 18.
Nb5 Rxb5 19. axb5 Qxb5 20. Ra1 Rxa1 21. Qxa1 Bxa1 22. Rxa1 g5 23. Ra8+ Kh7 24. Ra7 Nd3 25. Be3 Kg6 26. Nd2 f5 27. exf5+ Kxf5 28. g4+ Ke5 29. Ra4 Kxd5 30. Rc4 e5 31. Ne4 Ke6 32.
Nc3 Qxb3 33. Re4 Qxc3 34. Kg2 Ne1+ 35. Kg3 Qd3 0-1

[Event "*** Titled Tuesday Blitz"]
[Site "Chess.com"]
[Date "2020.11.24"]
[Round "11"]
[White "Julianos82"]
[Black "Vuk2000"]
[Result "1-0"]
[WhiteElo "2380"]
[BlackElo "2701"]
[TimeControl "180+1"]
[EndTime "12:24:28 PST"]
[Termination "Julianos82 won on time"]

1. d4 Nf6 2. Nf3 e6 3. Bg5 d5 4. Nbd2 c5 5. e3 Be7 6. c3 O-O 7. Ne5 Nfd7 8. Bf4 Nc6 9. Bd3 f6 10. Qh5 f5 11. Nxd7 Bxd7 12. Nf3 Be8 13. Qh3 Bd6 14.
Ng5 h6 15. Nxe6 Qe7 16. Bxd6 Qxd6 17. Nxf8 cxd4 18. Qxf5 Qxf8 19. cxd4 Qb4+ 20. Ke2 Qxb2+ 21. Kf3 Qa3 22. Qh7+ Kf7 23. Rab1 b6 24. Rhc1 Qd6 25. Ke2 Bd7 26. Rb5 Re8 27. Kf1 Ne7 28. Rb3 b5 29.
Rbc3 b4 30. Rc7 Bc6 31. R1xc6 Qxh2 32. Bg6+ 1-0

[Event "*** Titled Tuesday Blitz"]
[Site "Chess.com"]
[Date "2020.11.24"]
[Round "11"]
[White "Gabrielian_Artur"]
[Black "MPGM"]
[Result "0-1"]
[WhiteElo "2756"]
[BlackElo "2644"]
[TimeControl "180+1"]
[EndTime "12:24:29 PST"]
[Termination "MPGM won by checkmate"]

1. e4 c6 2. d4 d5 3. e5 c5 4. dxc5 e6 5. a3 Bxc5 6. Bd3 Ne7 7. Nf3 a6 8. O-O Ng6 9. Re1 O-O 10. Nc3 Nc6 11.
Qe2 f6 12. Bxg6 hxg6 13. exf6 gxf6 14. Qd3 Kg7 15. Be3 Bxe3 16. fxe3 Bd7 17. e4 Qb6+ 18. Kh1 d4 19. e5 fxe5 20. Nxe5 Nxe5 21. Rxe5 dxc3 22.
Qxc3 Rf6 23. h3 Raf8 24. Ree1 Kg8 25. Rad1 Bc6 26. Kh2 Qc7+ 27. Kh1 Rf2 28. Rg1 R8f3 29. Rd3 Qg3 30. Rxf3 Rxf3 31. Qe1 Qxh3+ 32. gxh3 Rxh3# 0-1

[Event "*** Titled Tuesday Blitz"]
[Site "Chess.com"]
[Date "2020.11.24"]
[Round "11"]
[White "Campelov"]
[Black "CakeinSpace2002"]
[Result "0-1"]
[WhiteElo "2190"]
[BlackElo "2364"]
[TimeControl "180+1"]
[EndTime "12:24:30 PST"]
[Termination "CakeinSpace2002 won on time"]

1. e4 c5 2. Nf3 Nc6 3. d4 cxd4 4.
Nxd4 Nf6 5. Nc3 e5 6. Ndb5 d6 7. Bg5 a6 8. Na3 b5 9. Bxf6 gxf6 10. Nd5 Bg7 11. c3 f5 12. exf5 Bxf5 13. Nc2 O-O 14. Nce3 Be6 15. Bd3 f5 16. O-O e4 17. Nf4 Bf7 18.
Bc2 Be5 19. Ned5 Qg5 20. g3 Kh8 21. a4 b4 22. Kh1 bxc3 23. bxc3 Rac8 24. Rb1 Ne7 25. Rb7 Nxd5 26. Nxd5 Bh5 27. f3 Bxf3+ 28. Rxf3 exf3 29. Qxf3 Bxc3 30. Nxc3 Qc1+ 31. Bd1 Qxc3 32.
Qh5 Rc7 33. Rxc7 Qxc7 34. Bf3 Qg7 35. Bd5 Qg6 36. Qf3 Re8 37. Kg2 Qf6 38. h4 Re7 39. Kh3 Kg7 40. Qb3 Qd4 0-1

[Event "*** Titled Tuesday Blitz"]
[Site "Chess.com"]
[Date "2020.11.24"]
[Round "11"]
[White "Alexander_Kachko"]
[Black "TrickyFortem"]
[Result "1-0"]
[WhiteElo "2789"]
[BlackElo "2537"]
[TimeControl "180+1"]
[EndTime "12:24:33 PST"]
[Termination "Alexander_Kachko won on time"]

1. e4 c6 2. d4 g6 3. c3 Bg7 4. Be3 d5 5. e5 Nh6 6. h3 Nf5 7.
Nf3 Nxe3 8. fxe3 f6 9. exf6 exf6 10. Nbd2 O-O 11. Bd3 Qe7 12. Kf2 f5 13. Re1 Nd7 14.
Kg1 Nf6 15. Ne5 Ne4 16. Nef3 Be6 17. Rc1 Rae8 18. c4 Ng3 19. cxd5 Bxd5 20. Bc4 Bxc4 21.
Nxc4 f4 22. Nce5 Bxe5 23. dxe5 fxe3 24. Qb3+ Kg7 25. Rxe3 Rf4 26. Rd1 Qc5 27. Kh2 Ne4 28.
Rd7+ Kh6 29. Qd3 Nf2 30. Qd2 g5 31. Qxf2 Rxe5 32. Rxe5 1-0

[Event "*** Titled Tuesday Blitz"]
[Site "Chess.com"]
[Date "2020.11.24"]
[Round "11"]
[White "enriquebutti"]
[Black "mortngabriel"]
[Result "1-0"]
[WhiteElo "2028"]
[BlackElo "2355"]
[TimeControl "180+1"]
[EndTime "12:24:33 PST"]
[Termination "enriquebutti won by resignation"]

1. d4 Nf6 2. Nf3 d6 3. c4 Bg4 4. Nc3 Nbd7 5. g3 e5 6. Bg2 c6 7. h3 Bh5 8. O-O Be7 9. Nh4 Bg6 10. Nxg6 hxg6 11. e4 a6 12. Be3 b5 13. d5 b4 14.
dxc6 bxc3 15. cxd7+ Qxd7 16. b3 Rxh3 17. Bxh3 Qxh3 18.
Qf3 Ng4 19. Rfc1 Qh2+ 20. Kf1 d5 21. Qxg4 d4 22. Bg5 d3 23. Qf3 Bxg5 24. Rxc3 d2 25.
Rd1 Rd8 26. Ke2 f6 27. Rd3 Rxd3 28. Qxd3 Qh5+ 29. Qf3 Qh3 30. Rxd2 Bxd2 31. Kxd2 Qd7+ 32. Qd3 Qb7 33. Qd5 Qb4+ 34. Kc2 Ke7 35. c5 Qa5 36. a4 Qc7 37. c6 a5 38. Qc5+ Ke6 39. Qd5+ Ke7 40.
Kd3 f5 41. Kc4 f4 42. g4 g5 43. Qd7+ Qxd7 44. cxd7 Kxd7 45. Kd5 Kc7 46. Kxe5 Kc6 47. Kd4 Kd6 48. e5+ Ke6 49. Ke4 1-0